 Dungeon Crawl Stone Soup version 0.29.1-12-g30fa7ad0bf (webtiles) character file.

Game seed: 261024596467971894

85 MisterFreud the Sneak (level 4, -5/31 HPs)
             Began as a Felid Berserker on Jan 17, 2023.
             Was a Believer of Trog.
             Slain by a gnoll
             ... wielding a +0 club
              (6 damage)
             ... on level 3 of the Dungeon.
             The game lasted 00:02:14 (3363 turns).

MisterFreud the Sneak (Felid Berserker)             Turns: 3363, Time: 00:02:15

Health: -5/31      AC:  1    Str: 13    XL:     4   Next: 25%
Magic:  5/5        EV: 18    Int:  8    God:    Trog [**....]
Gold:   179        SH:  0    Dex: 17    Spells: 3/3 levels left
                                        Lives:  0   Deaths: 1

rFire   . . .      SeeInvis +     - Unarmed
rCold   . . .      Faith    .   (shield unavailable)
rNeg    . . .      Spirit   .   (body armour unavailable)
rPois   .          Reflect  .   (helmet unavailable)
rElec   .          Harm     .   (cloak unavailable)
rCorr   .          Rampage  .   (gloves unavailable)
Will    .....                   (boots unavailable)
Stlth   ..........              (no amulet)
HPRegen 0.10/turn               (no ring)
MPRegen 0.09/turn               (no ring)

@: berserking, very quick
A: very small, claws 1, fangs 3, see invisible, speed 1, shaggy fur 1, stealthy
paws, no weapons or thrown items, no armour, multi-lived
a: Renounce Religion, Berserk, Trog's Hand


You were on level 3 of the Dungeon.
You worshipped Trog.
Trog was pleased with you.
You visited 1 branch of the dungeon, and saw 3 of its levels.

You collected 179 gold pieces.

Inventory:

Scrolls
 e - a scroll of noise {unknown}
 f - a scroll of immolation {unknown}
 g - a scroll of fog {unknown}
 h - a scroll of blinking {unknown}
Potions
 a - 2 potions of heal wounds
 b - 3 potions of curing {unknown}
 c - a potion of might {unknown}
 d - 2 potions of flight {unknown}
 i - a potion of berserk rage {unknown}


   Skills:
 - Level 3.0 Fighting
 - Level 4.0 Dodging
 * Level 5.6 Stealth
 + Level 4.1 Unarmed Combat


You had 3 spell levels left.
You didn't know any spells.
Your spell library was empty.

Dungeon Overview and Level Annotations

Branches:
Dungeon (3/15)

Altars:
Xom


Innate Abilities, Weirdness & Mutations

You have sharp claws.
You have razor-sharp teeth.
You have supernaturally acute eyesight. (SInv)
You cover ground quickly. (Speed+)
You are covered in fur. (AC +1)
Your paws help you pounce on unaware monsters.
You are incapable of wielding weapons or throwing items.
You cannot wear armour.
You gain extra lives every three experience levels.


Message History

You kill the orc!
Trog accepts your kill.
Items here: ))) [.
You feel a strong urge to attack something.
You start resting.
You feel your anger nearly subside.
You are no longer berserk.
You are exhausted.
You feel yourself slow down.
You start resting.
You feel yourself speed up.
You start resting.
You recover from your berserk rage.
You start resting.
HP restored.
Items here: ))) [.
Found a stone staircase leading down.
The gnoll shouts!
A gnoll is nearby!
A gnoll is nearby!
A gnoll is nearby!
The gnoll hits you from afar with a +0 spear!
The gnoll hits you with a +0 spear!
* * * LOW HITPOINT WARNING * * *
You scratch the gnoll.
The gnoll is lightly wounded.
The gnoll hits you with a +0 spear.
* * * LOW HITPOINT WARNING * * *
You are too injured to fight recklessly!
You barely miss the gnoll. Your bite misses the gnoll.
The gnoll is lightly wounded.
You are too injured to fight recklessly!
You barely miss the gnoll. You claw the gnoll.
You bite the gnoll, but do no damage.
The gnoll is moderately wounded.
The gnoll closely misses you.
A red film seems to cover your vision as you go berserk!
You feel yourself moving faster!
You feel mighty!
You closely miss the gnoll. The gnoll closely misses you.
The gnoll hits you with a +0 club.
You die...

#.........# >.....
#.#######.# ###### #.#
##.# ########### ..>#
### ..........# .[.# #..
########... ##.# #.#
#..# #.# ##g##
#######..# #..
..####g@>## .........#
#### ..........#
.###.##.##
######...##..#.# #.##.##
###############.###..#.#
#......
#................##..#.#
####.##
#.###)###.######.##..#.#
#.# #.# #.# #.# .##..#.#
####.## #.###.###.#
.##..#.# #......
#.........#
.##..#.###.##.##


You could see 2 gnolls.

Vanquished Creatures
  An orc wizard (D:3)
  A gnoll (D:3)
  3 adders
  2 worms (D:2)
  2 dart slugs (D:1)
  4 orcs
  7 bats
  6 endoplasms
  3 giant cockroaches (D:1)
  7 goblins
  6 hobgoblins
  4 jackals (D:2)
  2 quokkas
  3 frilled lizards
  5 kobolds
  5 rats
61 creatures vanquished.

Notes
Turn   | Place    | Note
-------+----------+-------------------------------------------
     0 | D:1      | MisterFreud the Felid Berserker began the quest for the
                  | Orb.
     0 | D:1      | Reached XP level 1. HP: 10/10 MP: 2/2
    34 | D:1      | Reached skill level 1 in Stealth
   370 | D:1      | Reached skill level 2 in Stealth
   370 | D:1      | Reached XP level 2. HP: 14/14 MP: 3/3
   536 | D:1      | Found a faded altar of an unknown god.
   562 | D:1      | Reached skill level 3 in Stealth
   894 | D:1      | Reached XP level 3. HP: 16/17 MP: 4/4
  1739 | D:2      | Reached skill level 4 in Stealth
  2039 | D:2      | Reached XP level 4. HP: 21/21 MP: 5/5
  2196 | D:2      | Reached ** piety under Trog
  2639 | D:3      | Found a shimmering altar of Xom.
  2778 | D:3      | Reached skill level 5 in Stealth
  2778 | D:3      | Slain by a gnoll
  2779 | D:3      | Reached XP level 3. HP: -1/25 MP: 4/4
  3124 | D:3      | Reached XP level 4. HP: 7/21 MP: 5/5
  3359 | D:3      | HP: 1/21 [gnoll/+0 spear (5)]
  3363 | D:3      | Slain by a gnoll

Illustrated notes

Levels and vault maps discovered:
D:1:      minmay_arrival_stone_box, layout_basic, ebering_ecumenical_altar_rust
D:2:      layout_basic, nicolae_figureground_pulse
D:3:      layout_loops_ring, amcnicky_altar_gilded

Skill      XL: |  1  2  3  4 |
---------------+-------------+-----
Stealth        | 2 3 4 5 |  5.6
Unarmed Combat | 4 |  4.1
Fighting       | |  3.0
Dodging        | |  4.0

Action                   |  1- 3 |  4- 6 || total
-------------------------+-------+-------++-------
Melee: Unarmed           |   117 |    31 ||   148
       Bite              |     9 |     3 ||    12
       Punch             |     2 |     3 ||     5
Invok: Berserk           |     2 |     3 ||     5
  Use: Scroll            |       |     3 ||     3
 Stab: Sleeping          |    12 |     5 ||    17
Armor: Skin              |     7 |     1 ||     8
Dodge: Dodged            |    76 |    13 ||    89
